 Dungeon Crawl Stone Soup version 0.31-a0-532-g28f74ba3e5 (webtiles) character file.

Game seed: 692668462501421403

5600 duskshroud the Fighter (level 10, -2/101 HPs)
             Began as a Minotaur Berserker on Aug 12, 2023.
             Was an Elder of Trog.
             Slain by a yak (13 damage)
             ... on level 8 of the Dungeon.
             The game lasted 00:14:46 (5055 turns).

duskshroud the Fighter (Minotaur Berserker)         Turns: 5055, Time: 00:14:46

Health: -2/101     AC:  8    Str: 23    XL:     10   Next: 45%
Magic:  9/9        EV: 17    Int:  4    God:    Trog [****..]
Gold:   370        SH:  0    Dex: 13    Spells: 9/9 levels left

rFire   . . .        x - +0 halberd
rCold   . . .        (shield currently unavailable)
rNeg    . . .        D - +0 acid dragon scales
rPois   .            (helmet restricted)
rElec   .            u - +0 cloak
rCorr   +            y - +0 pair of gloves
SInv    .            (no boots)
Will    +....        j - amulet of regeneration
Stlth   +            c - ring of willpower
HPRegen 1.16/turn    n - +5 ring of evasion
MPRegen 0.11/turn

%: no passive effects
@: no status effects
A: horns 2, retaliatory headbutt
a: Renounce Religion, Berserk, Trog's Hand, Brothers in Arms


You were on level 8 of the Dungeon.
You worshipped Trog.
Trog was greatly pleased with you.
You visited 1 branch of the dungeon, and saw 8 of its levels.

You collected 478 gold pieces.
You spent 108 gold pieces at shops.

Inventory:

Hand Weapons
 x - a +0 halberd (weapon)
Missiles
 q - 26 poisoned darts
 H - a throwing net (quivered)
Armour
 i - the +5 pair of boots of the Mauling Gods {rF- Int+3 Stlth+}
   (You found it on level 2 of the Dungeon)

   Int+3:     It affects your intelligence (+3).
   rF-:       It makes you vulnerable to fire.
   Stlth+:    It makes you more stealthy.
 o - a +0 plate armour
 u - a +0 cloak (worn)
 y - a +0 pair of gloves (worn)
 D - +0 acid dragon scales (worn)
Jewellery
 b - a +6 ring of intelligence
 c - a ring of willpower (left hand)
 j - an amulet of regeneration (around neck)
 n - a +5 ring of evasion (right hand)
 p - a ring of magical power
 G - a ring of magical power
Wands
 C - a wand of polymorph (13)
Scrolls
 a - a scroll of enchant armour {unknown}
 d - 3 scrolls of teleportation {unknown}
 e - 8 scrolls of identify {unknown}
 g - 2 scrolls of butterflies {unknown}
 h - 2 scrolls of immolation {unknown}
 k - 2 scrolls of silence {unknown}
 m - a scroll of fear {unknown}
 r - 2 scrolls of poison {unknown}
 v - a scroll of enchant weapon {unknown}
 w - 2 scrolls of fog {unknown}
 B - a scroll of brand weapon {unknown}
 E - a scroll of noise {unknown}
Potions
 f - 3 potions of curing {unknown}
 l - a potion of brilliance {unknown}
 s - a potion of magic {unknown}
 t - 3 potions of haste {unknown}
 z - a potion of heal wounds {unknown}
 A - 3 potions of enlightenment {unknown}
 F - a potion of mutation {unknown}


   Skills:
 + Level 13.6 Fighting
 + Level 13.6 Axes
 - Level 2.4 Armour
 - Level 2.1 Dodging


You had 9 spell levels left.
You didn't know any spells.
Your spell library was empty.

Dungeon Overview and Level Annotations

Branches:
Dungeon (8/15)             Temple (0/1) D:7
   Lair: D:8-11

Altars:
Dithmenos
Hepliaklqana
Makhleb
Nemelex Xobeh
Ru
Sif Muna
Trog
Vehumet
Wu Jian
Xom
Yredelemnul
Zin

Shops:
D:5 (   D:6 [


Innate Abilities, Weirdness & Mutations

You have a pair of horns on your head.
You reflexively headbutt those who attack you in melee.


Message History

You hit the yak but do no damage. Your headbutt misses the yak.
The yak is severely wounded.
The yak gores you! The yak misses you. The yak completely misses you.
You furiously retaliate!
You headbutt the yak! You closely miss the yak. You headbutt the yak.
The yak is almost dead.
The yak misses you. The yak barely misses you. You furiously retaliate!
You headbutt the yak! The yak barely misses you.
You slice the yak!!
You kill the yak!
Trog accepts your kill. The yak barely misses you. The yak closely misses you.
You slash the yak! You headbutt the yak.
The yak is severely wounded.
The yak gores you! The yak closely misses you. The yak gores you!
You are too injured to fight recklessly!
You are too injured to fight recklessly!
You are too injured to fight recklessly!
You are too injured to fight recklessly!
You are too injured to fight recklessly!
You are too injured to fight recklessly!
You are too injured to fight recklessly!
You are too injured to fight recklessly!
You are too injured to fight recklessly!
You barely miss the yak.
The yak is severely wounded.
The yak gores you but does no damage. The yak gores you!
The yak completely misses you. You furiously retaliate!
You headbutt the yak! You closely miss the yak.
The yak is almost dead.
The yak misses you. x2; You furiously retaliate!
You headbutt the yak!
The yak closely misses you. x2; The yak gores you!
* * * LOW HITPOINT WARNING * * *
The yak barely misses you.
You puncture the yak! You headbutt the yak, but do no damage.
The yak is heavily wounded.
The yak gores you!
* * * LOW HITPOINT WARNING * * *
The yak completely misses you. The yak gores you!
You die...

##...### ...
.....#..... ..### #..
...#........ ...##..
............ ......#
##.......... ..... #.
#............. .... ...
..............
#..##.... ............#
#YY..#
#..........#####@Y#
#..#.#........#...#.$..
..##.##..........##....
####)).....#.##..#.....
#...)....#.###..≈≈≈≈
##.).......##..≈≈≈≈≈
#..........##≈≈###≈
###........#.≈≈+
#..#.......≈≈###≈


You could see 3 yaks.

Vanquished Creatures
  Joseph (D:7)
  Maurice (D:8)
  Maggie (D:7)
  Prince Ribbit (D:7)
  Sigmund (D:3)
  7 yaks (D:8)
  Menkaure (D:5)
  The ghost of GoodGuyCap the Insei, an amateur OpSh (D:4)
  2 ice beasts
  2 orc warriors
  4 black bears
  2 sky beasts (D:7)
  An ogre (D:6)
  A kobold brigand (D:7)
  5 bullfrogs
  2 scorpions (D:6)
  A gnoll sergeant (D:6)
  5 wights (D:7)
  2 electric eels (D:8)
  A howler monkey (D:4)
  2 jellies
  4 orc priests
  A gnoll bouda (D:8)
  4 hounds
  An iguana (D:5)
  A sleepcap (D:5)
  Jessica (D:3)
  Natasha (thrice) (D:3)
  10 orc wizards
  A statue (D:5)
  10 adders
  19 gnolls
  2 shadow imps
  2 ufetubi (D:5)
  3 worms
  26 orcs
  5 ball pythons
  6 bats
  5 endoplasms
  2 giant cockroaches
  4 goblins
  8 hobgoblins
  5 jackals
  4 quokkas
  A frilled lizard (D:3)
  10 kobolds
  5 rats
187 creatures vanquished.

Notes
Turn   | Place    | Note
-------+----------+-------------------------------------------
     0 | D:1      | duskshroud the Minotaur Berserker began the quest for the
                  | Orb.
     0 | D:1      | Reached XP level 1. HP: 19/19 MP: 0/0
   310 | D:1      | Reached XP level 2. HP: 27/27 MP: 1/1
   946 | D:2      | Identified the +5 pair of boots of the Mauling Gods {rF-
                  | Int+3 Stlth+}
  1047 | D:2      | Reached XP level 3. HP: 34/34 MP: 2/2
  1363 | D:3      | Found an ornate altar of the Wu Jian Council.
  1425 | D:3      | Reached ** piety under Trog
  1458 | D:3      | Noticed Sigmund
  1459 | D:3      | Noticed Jessica
  1478 | D:3      | Killed Jessica
  1479 | D:3      | Reached skill level 5 in Fighting
  1479 | D:3      | Reached skill level 5 in Axes
  1479 | D:3      | Reached XP level 4. HP: 39/42 MP: 3/3
  1483 | D:3      | Killed Sigmund
  1484 | D:3      | Reached XP level 5. HP: 29/50 MP: 4/4
  1520 | D:3      | Noticed Natasha
  1528 | D:3      | Killed Natasha
  1529 | D:3      | Reached XP level 6. HP: 54/57 MP: 5/5
  1936 | D:3      | Noticed Natasha
  1943 | D:3      | Killed Natasha
  2076 | D:3      | Noticed Natasha
  2083 | D:3      | Killed Natasha
  2132 | D:4      | Found a runed translucent door.
  2133 | D:4      | Noticed GoodGuyCap's ghost (amateur OpSh)
  2143 | D:4      | Killed GoodGuyCap's ghost
  2221 | D:4      | Found a shadowy altar of Dithmenos.
  2360 | D:4      | Reached XP level 7. HP: 66/66 MP: 6/6
  2422 | D:4      | Reached *** piety under Trog
  2446 | D:4      | Found a sparkling altar of Nemelex Xobeh.
  2449 | D:4      | Found a shimmering blue altar of Sif Muna.
  2504 | D:4      | Found a hazy altar of Hepliaklqana.
  2507 | D:4      | Found a bloodstained altar of Trog.
  2706 | D:5      | Entered Level 5 of the Dungeon
  2789 | D:5      | Found a radiant altar of Vehumet.
  2934 | D:5      | Found Xoghiazu's Weapon Emporium.
  2934 | D:5      | Noticed a +0 lajatang
  2938 | D:5      | Noticed a +0 giant club
  2989 | D:5      | Noticed Menkaure
  3003 | D:5      | Killed Menkaure
  3068 | D:5      | Reached XP level 8. HP: 75/75 MP: 7/7
  3765 | D:6      | Reached skill level 10 in Fighting
  3765 | D:6      | Reached skill level 10 in Axes
  3829 | D:6      | Found Bouxaex's Antique Armour Shop.
  3837 | D:6      | Bought a pair of gloves for 108 gold pieces
  3845 | D:6      | Found a burning altar of Makhleb.
  3845 | D:6      | Noticed a cacodemon
  3926 | D:6      | Reached **** piety under Trog
  4038 | D:6      | Found a shimmering altar of Xom.
  4196 | D:7      | Reached XP level 9. HP: 86/86 MP: 8/8
  4208 | D:7      | Noticed Joseph
  4233 | D:7      | Killed Joseph
  4275 | D:7      | Noticed Maggie
  4288 | D:7      | Killed Maggie
  4309 | D:7      | Found a staircase to the Ecumenical Temple.
  4319 | D:7      | Noticed Prince Ribbit
  4335 | D:7      | Killed Prince Ribbit
  4349 | D:7      | Found a sacrificial altar of Ru.
  4520 | D:7      | Found a basalt altar of Yredelemnul.
  4759 | D:8      | Found a glowing silver altar of Zin.
  4775 | D:8      | Reached XP level 10. HP: 93/100 MP: 9/9
  4816 | D:8      | Noticed Maurice
  4841 | D:8      | Killed Maurice
  4902 | D:8      | Reached ***** piety under Trog
  5055 | D:8      | Slain by a yak

Illustrated notes

Levels and vault maps discovered:
D:1:      minmay_arrival_open_corners, layout_basic
D:2:      layout_basic, serial_bayou, serial_bayou_pond_d, serial_bayou_shore_a,
          serial_bayou_ford_a, serial_bayou_pond_a, kennysheep_generic_room_12
D:3:      minmay_skewed_foursquare, layout_basic, nicolae_wu_jian_wuxing_cycle,
          serial_glass, glass_columns_c, glass_columns_a,
          kennysheep_generic_room_2, uniq_jessica, uniq_sigmund, uniq_natasha
D:4:      layout_rooms, nicolae_dithmenos_the_darkroom, minitemple,
          gammafunk_ghost_grave, serial_glass, glass_columns_b, glass_columns_c,
          due_unseen_surprise, item_on_display_a, kennysheep_generic_room_9
D:5:      layout_basic, vehumet_statue, serial_shops, nicolae_shop_mannequins,
          uniq_menkaure
D:6:      layout_loops_ring, kennysheep_mini_moat, makhleb_altar_promises_db,
          serial_shops, nicolae_shop_trees, grunt_ministairs_12
D:7:      layout_rooms, mainiacjoe_overflow_alcove_2, old_standard_altar,
          temple_fountains, uniq_maggie, uniq_prince_ribbit1, uniq_joseph
D:8:      layout_cave_pools, mainiacjoe_overflow_24_doors, water_boxes_lemuel,
          uniq_maurice

Skill      XL: |  1  2  3  4  5  6  7  8  9 10 |
---------------+-------------------------------+-----
Fighting       | 4 5 6 7 8 10 12 13 | 13.6
Axes           | 4 5 6 7 8 10 12 13 | 13.6
Armour         | |  2.4
Dodging        | |  2.1

Action                     |  1- 3 |  4- 6 |  7- 9 | 10-12 || total
---------------------------+-------+-------+-------+-------++-------
  Melee: Hand axe          |    76 |    53 |    79 |       ||   208
         Headbutt          |    10 |    15 |    49 |    25 ||    99
         Punch             |     1 |       |     1 |       ||     2
         Halberd           |       |       |   177 |    81 ||   258
 Invoke: Berserk           |       |     1 |     2 |       ||     3
         Trog's Hand       |       |       |     2 |     2 ||     4
   Stab: Sleeping          |     1 |       |       |       ||     1
 Armour: Animal skin       |    10 |       |       |       ||    10
         Chain mail        |    23 |    21 |       |       ||    44
         Plate armour      |       |     3 |    84 |       ||    87
         Acid dragon scale |       |       |    11 |    27 ||    38
  Dodge: Dodged            |    47 |    33 |   146 |   109 ||   335

Table legend: (Time is in decaauts)
 A = Elapsed time spent in this place.
 B = Non-inter-level travel time spent in this place.
 C = Inter-level travel time spent in this place.
 D = Time resting spent in this place.
 E = Time spent auto-exploring this place.
 F = Levels seen in this place.
 G = Mean time per level.
                   A        B        C        D        E       F      G
               +--------+--------+--------+--------+--------+-----+--------+
         Total |   5142 |   4999 |    143 |    188 |   3702 |   8 |  642.8 |
       Dungeon |   5142 |   4999 |    143 |    188 |   3702 |   8 |  642.8 |
               +--------+--------+--------+--------+--------+-----+--------+

Top non-repeatable levels by time:
     D:3: 768 daAuts
     D:6: 745 daAuts
     D:5: 715 daAuts
     D:2: 712 daAuts
     D:1: 676 daAuts
     D:4: 591 daAuts
     D:7: 557 daAuts
     D:8: 376 daAuts
